 Dungeon Crawl Stone Soup version 0.27-a0-765-ge4d627daa3 (webtiles) character file.

Game seed: 13834138684671856455

124 dolemite99 the Skirmisher (level 5, -1/42 HPs)
             Began as a Djinni Earth Elementalist on Mar 25, 2021.
             Was an Initiate of Makhleb.
             Slain by Purgy (3 damage)
             ... on level 3 of the Dungeon.
             The game lasted 00:03:45 (3349 turns).

dolemite99 the Skirmisher (DjEE)                    Turns: 3349, Time: 00:03:46

Health: -1/42      AC:  2    Str:  8    XL:     5   Next: 8%
Gold:   58         EV: 12    Int: 16    God:    Makhleb [......] SH:  0 Dex: 14

rFire    + + .     SeeInvis .   o - +1 war axe
rCold    x . .     Faith    .   (no shield)
rNeg     . . .     Spirit   .   c - +0 robe
rPois    ∞         Reflect  .   (no helmet)
rElec    .         Harm     .   (no cloak)
rCorr    .         Rampage  .   (no gloves)
Will     .....                  (boots unavailable)
Stlth    ++........             (no amulet)
HPRegen  0.14/turn              (no ring)
MPRegen  0.00/turn              (no ring)

@: mighty, flying
A: fire resistance 2, cold vulnerability 1, float, innate caster, hp casting,
extra vitality 1
a: Renounce Religion


You were on level 3 of the Dungeon.
You worshipped Makhleb.
Makhleb was noncommittal.
You visited 1 branch of the dungeon, and saw 3 of its levels.

You collected 58 gold pieces.

Inventory:

Hand Weapons
 g - a +0 whip
 j - a +0 hunting sling
 m - a +0 mace
 o - a +1 war axe (weapon)
Missiles
 f - 14 bolts
 i - 20 poisoned darts
 r - 16 sling bullets
Armour
 c - a +0 robe (worn)
Scrolls
 a - 3 scrolls of amnesia
 h - a scroll of identify {@r1}
 n - a scroll of brand weapon
Potions
 b - a potion of invisibility {unknown}
 k - a potion of magic {unknown}
 p - a potion of brilliance {unknown}
 q - a potion of curing {unknown}


   Skills:
 + Level 4.4 Fighting
 - Level 2.2 Dodging
 - Level 1.6 Stealth
 - Level 2.7 Spellcasting


You couldn't memorise any spells.
You knew the following spells:

 Your Spells              Type           Power      Damage    Failure   Level
a - Sandblast             Erth           20%        2d7       6%          1
b - Passwall              Tmut/Erth      8%         N/A       10%         2
c - Stone Arrow           Conj/Erth      20%        3d8       19%         3
d - Petrify               Tmut/Erth      10%        N/A       54%         4
e - Lee's Rapid Deconstr  Erth           5%         3d7*      87%         5
f - Summon Small Mammal   Summ           40%        N/A       6%          1
g - Poisonous Vapours     Pois/Air       20%        N/A       10%         2
Your spell library was empty.

Dungeon Overview and Level Annotations

Branches:
Dungeon (3/15)

Altars:
Makhleb

Annotations:
D:2 Robin
D:3 1 exclusion, Natasha, Purgy


Innate Abilities, Weirdness & Mutations

You are immune to poison.
Your flesh is very heat resistant. (rF++)
You are vulnerable to cold. (rC-)
You float through the air rather than walking.
You learn spells naturally, not from books.
Your magical power is your life essence.
You have superior vitality. (+4 HP)


Message History

Purgy barely misses you. Purgy completely misses you. Purgy claws you.
As you read the scroll labelled REUSYA ROMAN, it crumbles to dust.
It is a scroll of identify.
n - a scroll of brand weapon Purgy barely misses you. x3
As you read the scroll labelled YTENOI PIGUSOGIGH, it crumbles to dust.
It is a scroll of amnesia.
You feel forgetful for a moment. Purgy misses you. Purgy claws you. x2
As you read the scroll labelled XIJOUB MIUF, it crumbles to dust.
It is a scroll of enchant weapon.
Your +0 war axe glows red for a moment.
Purgy misses you. Purgy claws you. Purgy barely misses you.
As you read the scroll labelled WUXILE ZEJIMAEMP, it crumbles to dust.
You feel aware of your surroundings.
It was a scroll of magic mapping.
Purgy bites you! Purgy claws you but does no damage. Purgy claws you.
Okay, then.
It was a potion of might.
You feel very mighty all of a sudden.
Purgy hisses menacingly.
Purgy bites you. Purgy claws you but does no damage. Purgy misses you.
You slash Purgy!
Purgy is heavily wounded.
Purgy closely misses you.
Purgy claws you. x2; Purgy closely misses you.
Purgy claws you. x2
* * * LOW HITPOINT WARNING * * *
You barely miss Purgy.
Purgy is moderately wounded.
Purgy barely misses you. Purgy claws you.
* * * LOW HITPOINT WARNING * * *
Purgy claws you.
* * * LOW HITPOINT WARNING * * *
Unknown command.
You slash Purgy!
Purgy is heavily wounded.
Purgy bites you.
* * * LOW HITPOINT WARNING * * *
Purgy claws you.
* * * LOW HITPOINT WARNING * * *
Purgy closely misses you. Purgy bites you.
You die...

*...### *......
###...###
##........
###...######
#######.........#
#.......#.[.###.#
#.########.## #.*
#@# #.# ##.#* #T#
#.###...# #.#
#.##.**#. #.#
#.##.* #. #.#
####.##.###. #.#
#....#*#...# #.#
#.#.#####... #.##
#...# #..... #..#
##.## #.#...


You could see Purgy.

Vanquished Creatures
  A bullfrog (D:3)
  2 adders
  3 dart slugs
  2 orcs (D:3)
  4 bats
  5 endoplasms
  A giant cockroach (D:1)
  2 goblins
  4 hobgoblins
  3 jackals (D:2)
  2 quokkas (D:3)
  A ball python (D:1)
  3 frilled lizards
  A kobold (D:1)
  4 rats
38 creatures vanquished.

Vanquished Creatures (others)
  4 fungi (D:3)
  20 plants (D:3)
24 creatures vanquished.

Grand Total: 62 creatures vanquished

Notes
Turn   | Place    | Note
-------+----------+-------------------------------------------
     0 | D:1      | dolemite99 the Djinni Earth Elementalist began the quest
                  | for the Orb.
     0 | D:1      | Reached XP level 1. HP: 15/15 MP: 0/0
   271 | D:1      | Reached skill level 1 in Fighting
   471 | D:1      | Reached XP level 2. HP: 19/22 MP: 0/0
  1393 | D:2      | Reached skill level 2 in Fighting
  1626 | D:2      | Noticed Robin
  1665 | D:3      | Reached XP level 3. HP: 18/29 MP: 0/0
  1665 | D:3      | Learned a level 1 spell: Summon Small Mammal
  2026 | D:3      | Noticed Purgy
  2159 | D:3      | Noticed a bullfrog
  2247 | D:3      | Killed a bullfrog
  2248 | D:3      | Reached skill level 4 in Fighting
  2248 | D:3      | Reached XP level 4. HP: 18/37 MP: 0/0
  2747 | D:2      | Found a burning altar of Makhleb.
  2782 | D:2      | Became a worshipper of Makhleb the Destroyer
  3000 | D:2      | Reached XP level 5. HP: 37/42 MP: 0/0
  3000 | D:2      | Learned a level 2 spell: Poisonous Vapours
  3171 | D:3      | Noticed Natasha
  3349 | D:3      | HP: 2/42 [Purgy (1)]
  3349 | D:3      | Slain by Purgy

Illustrated notes

Levels and vault maps discovered:
D:1:      dpeg_arrival_rooms_with_view, layout_basic, hangedman_feature_mirror
D:2:      layout_loops_ring, overflow_temple_1_default, marbit_many_paths,
          uniq_robin
D:3:      layout_loops_ring, lexackson_kobold_supper, uniq_natasha, uniq_purgy,
          uniq_crazy_yiuf_cottage

Skill      XL: |  1  2  3 |
---------------+----------+-----
Fighting       | 1 2 4 |  4.4
Dodging        | |  2.2
Stealth        | |  1.6
Spellcasting   | |  2.7

Action                   |  1- 3 |  4- 6 || total
-------------------------+-------+-------++-------
Melee: Whip              |     6 |       ||     6
       War axe           |       |    17 ||    17
 Cast: Sandblast         |    43 |    14 ||    57
  Use: Scroll            |       |     4 ||     4
       Potion            |       |     1 ||     1
 Stab: Sleeping          |       |     1 ||     1
Armor: Robe              |     4 |     7 ||    11
Dodge: Dodged            |    13 |    23 ||    36

Table legend: (Time is in decaauts)
 A = Elapsed time spent in this place.
 B = Non-inter-level travel time spent in this place.
 C = Inter-level travel time spent in this place.
 D = Time resting spent in this place.
 E = Time spent auto-exploring this place.
 F = Levels seen in this place.
 G = Mean time per level.
                   A        B        C        D        E       F      G
               +--------+--------+--------+--------+--------+-----+--------+
         Total |   3360 |   3307 |     53 |   1722 |   1014 |   3 | 1120.0 |
       Dungeon |   3360 |   3307 |     53 |   1722 |   1014 |   3 | 1120.0 |
               +--------+--------+--------+--------+--------+-----+--------+

Top non-repeatable levels by time:
     D:3: 1419 daAuts
     D:1: 1349 daAuts
     D:2: 591 daAuts
